 Dungeon Crawl Stone Soup version 0.27-a0-1191-g601b473118 (webtiles) character file.

Game seed: 10556044032167481223

70 senseless the Skirmisher (level 4, -1/37 HPs)
             Began as a Demonspawn Monk on May 24, 2021.
             Slain by Sigmund
             ... wielding a +0 scythe
              (11 damage)
             ... on level 2 of the Dungeon.
             The game lasted 00:04:00 (2378 turns).

senseless the Skirmisher (Demonspawn Monk)          Turns: 2378, Time: 00:04:01

Health: -1/37      AC:  2    Str: 12    XL:     4   Next: 3%
Magic:  4/4        EV: 13    Int: 17    God:
Gold:   124        SH:  0    Dex: 16    Spells: 3/3 levels left

rFire    . . .     SeeInvis .     - Unarmed
rCold    . . .     Faith    .   (no shield)
rNeg     . . .     Spirit   .   a - +0 robe
rPois    .         Reflect  .   (helmet restricted)
rElec    .         Harm     .   (no cloak)
rCorr    .         Rampage  .   (no gloves)
Will     .....                  (no boots)
Stlth    +.........             (no amulet)
HPRegen  0.12/turn              d - +6 ring of intelligence
MPRegen  0.09/turn              (no ring)

@: confused
A: antennae 2, spiny 1
a: no special abilities


You were on level 2 of the Dungeon.
You visited 1 branch of the dungeon, and saw 2 of its levels.

You collected 124 gold pieces.

Inventory:

Armour
 a - a +0 robe (worn)
Jewellery
 d - a +6 ring of intelligence (left hand)
Scrolls
 f - 3 scrolls of identify


   Skills:
 * Level 4.0 Fighting
 + Level 3.2 Dodging
 - Level 1.9 Stealth
 + Level 3.2 Unarmed Combat


You had 3 spell levels left.
You didn't know any spells.
Your spell library was empty.

Dungeon Overview and Level Annotations

Branches:
Dungeon (2/15)

Altars:

Shops:
D:1 =

Annotations:
D:2 Sigmund


Innate Abilities, Weirdness & Mutations

You have a pair of antennae on your head.
You are partially covered in sharp spines.


Message History

You feel agile.
Your demonic ancestry asserts itself...
Sharp spines emerge from parts of your body.
You see here an adder corpse.
Sigmund the Dreaded comes into view.
He is wielding a +0 scythe.
Sigmund shouts!
A ball python comes into view.
Sigmund says, "Your kind have come here before.
I understand now why.
You desire death..."
Found a stone staircase leading up.
Found a stone staircase leading up.
A hobgoblin comes into view.
Sigmund is struck by your spines. Sigmund misses you.
Found a fuming black potion and 9 gold pieces.
You closely miss Sigmund.
Sigmund is lightly wounded.
Sigmund gestures at you while chanting. The magic dart hits you!
The ball python hisses angrily.
You hit Sigmund but do no damage.
Sigmund is lightly wounded.
Sigmund hits you with a +0 scythe.
You closely miss Sigmund.
Sigmund is lightly wounded.
Sigmund gestures at you while chanting.
You are confused.
You bump into the rock wall.
Sigmund misses you.
The ball python is struck by your spines.
The ball python bites you.
A ball python comes into view.
The hobgoblin is struck by your spines. The hobgoblin hits you.
The ball python bites you. Sigmund casts a spell at you.
You resist with some effort.
The ball python is struck by your spines.
The ball python bites you but does no damage.
The hobgoblin hits you. Sigmund closely misses you. The ball python bites you.
* * * LOW HITPOINT WARNING * * *
Sigmund is struck by your spines. Sigmund misses you.
Sigmund hits you from afar with a +0 scythe!
You die...

.######
........##
.#.........##
#..$........#
........<...#
....S...<...#
............#
.........S@.#
..!......g.##
.........@##
########.##
##.# # #..# ###
#.## ..#####
#.#
......#######.#


You could see Sigmund, a hobgoblin and 2 ball pythons.

Vanquished Creatures
  An adder (D:2)
  5 dart slugs
  3 bats (D:1)
  4 endoplasms (D:1)
  2 giant cockroaches
  5 goblins
  2 hobgoblins
  7 jackals
  5 kobolds
  3 quokkas
  A ball python (D:1)
  2 frilled lizards (D:1)
  7 rats (D:1)
47 creatures vanquished.

Notes
Turn   | Place    | Note
-------+----------+-------------------------------------------
     0 | D:1      | senseless the Demonspawn Monk began the quest for the Orb.
     0 | D:1      | Reached XP level 1. HP: 18/18 MP: 1/1
   497 | D:1      | Gained mutation: You have a pair of small antennae on your
                  | head. [demonic ancestry]
   497 | D:1      | Reached XP level 2. HP: 24/24 MP: 2/2
   625 | D:1      | You fall into a shaft and drop 1 floor!
   864 | D:2      | Gained mutation: You have a pair of antennae on your head.
                  | [demonic ancestry]
   864 | D:2      | Reached XP level 3. HP: 29/29 MP: 3/3
  1561 | D:1      | Found Jeiqai's Jewellery Boutique.
  2331 | D:2      | Reached skill level 4 in Fighting
  2331 | D:2      | Gained mutation: You are partially covered in sharp spines.
                  | [demonic ancestry]
  2331 | D:2      | Reached XP level 4. HP: 37/37 MP: 4/4
  2368 | D:2      | Noticed Sigmund
  2378 | D:2      | Slain by Sigmund

Illustrated notes

Levels and vault maps discovered:
D:1:      lemuel_arrival_muddy, layout_basic, serial_shops,
          nicolae_shop_statue_plus, minmay_strange_pillars,
          minmay_rat_gold_closets
D:2:      layout_rooms, shapermc_ecumenical_altar_starsandcircs, uniq_terence,
          uniq_sigmund, uniq_robin

Skill      XL: |  1  2  3 |
---------------+----------+-----
Dodging        | 3 |  3.2
Unarmed Combat | 3 |  3.2
Fighting       | 4 |  4.0
Stealth        | |  1.9

Action                   |  1- 3 |  4- 6 || total
-------------------------+-------+-------++-------
Melee: Unarmed           |   188 |     3 ||   191
       Punch             |     1 |       ||     1
  Use: Scroll            |     3 |       ||     3
 Stab: Sleeping          |     5 |       ||     5
Armor: Robe              |    27 |     1 ||    28
Dodge: Dodged            |   128 |     4 ||   132

Table legend: (Time is in decaauts)
 A = Elapsed time spent in this place.
 B = Non-inter-level travel time spent in this place.
 C = Inter-level travel time spent in this place.
 D = Time resting spent in this place.
 E = Time spent auto-exploring this place.
 F = Levels seen in this place.
 G = Mean time per level.
                   A        B        C        D        E       F      G
               +--------+--------+--------+--------+--------+-----+--------+
         Total |   2369 |   2331 |     38 |      0 |   1942 |   2 | 1184.5 |
       Dungeon |   2369 |   2331 |     38 |      0 |   1942 |   2 | 1184.5 |
               +--------+--------+--------+--------+--------+-----+--------+

Top non-repeatable levels by time:
     D:1: 1522 daAuts
     D:2: 846 daAuts
